 Dungeon Crawl Stone Soup version 0.32-a0-876-gcfddb08e57 (webtiles) character file.

Game seed: 1380202321861549505

91 Aneyh the Poker (level 4, -1/28 HPs)
             Began as a Tengu Monk on Mar 31, 2024.
             Slain by a kobold
             ... wielding a +0 short sword
              (3 damage)
             ... on level 2 of the Dungeon.
             The game lasted 00:03:31 (1923 turns).

Aneyh the Poker (Tengu Monk)                        Turns: 1923, Time: 00:03:31

Health: -1/28      AC:  2    Str: 13    XL:     4   Next: 59%
Magic:  5/5        EV: 13    Int: 10    God:
Gold:   110        SH:  0    Dex: 17    Spells: 3/3 levels left

rFire   . . .        a - +0 spear
rCold   . . .        (no shield)
rNeg    . . .        b - +0 robe
rPois   .            (helmet restricted)
rElec   .            (no cloak)
rCorr   +            (no gloves)
SInv    .            (boots unavailable)
Will    .....        c - amulet of magic regeneration
Stlth   ++           h - ring of resist corrosion
HPRegen 0.24/turn    (no ring)
MPRegen 0.49/turn

%: acrobat
@: no status effects
A: beak, talons 3, acrobatic
a: no special abilities


You were on level 2 of the Dungeon.
You visited 1 branch of the dungeon, and saw 2 of its levels.

You collected 110 gold pieces.

Inventory:

Hand Weapons
 a - a +0 spear (weapon)
 k - a +0 dagger of pain
Armour
 b - a +0 robe (worn)
 d - an orb of light
 s - a +1 ring mail of cold resistance
Jewellery
 c - an amulet of magic regeneration (around neck)
 h - a ring of resist corrosion (left hand)
Scrolls
 e - a scroll of noise {unknown}
 f - 4 scrolls of enchant weapon {unknown}
 j - a scroll of amnesia {unknown}
 m - 2 scrolls of teleportation {unknown}
 q - a scroll of enchant armour {unknown}
Potions
 g - a potion of curing {unknown}
 i - a potion of brilliance {unknown}
 l - 2 potions of lignification {unknown}
 n - a potion of might {unknown}
 o - a potion of degeneration {unknown}
 r - a potion of haste {unknown}


   Skills:
 + Level 3.0 Fighting
 * Level 4.8 Polearms
 * Level 4.4 Dodging


You had 3 spell levels left.
You didn't know any spells.
Your spell library contained the following spells:

 Spells                   Type           Power      Damage    Failure   Level
 Kiss of Death            Conj/Necr      0%         2d5       36%         1
 Confusing Touch          Hex            0%         N/A       75%         3
 Dispel Undead            Necr           0%         3d6       98%         4


Dungeon Overview and Level Annotations

Branches:
Dungeon (2/15)

Altars:

Shops:
D:2 (


Innate Abilities, Weirdness & Mutations

You have a beak for a mouth.
You have claws for feet.
You can magically evade attacks while moving or waiting.


Message History

* * * LOW HITPOINT WARNING * * *
You feel very sick. The adder attacks as it pursues you! The adder misses you.
* * * LOW HITPOINT WARNING * * *
You feel sick. The adder attacks as it pursues you! The adder misses you.
* * * LOW HITPOINT WARNING * * *
You feel sick. The adder attacks as it pursues you!
The adder completely misses you.
* * * LOW HITPOINT WARNING * * *
You feel sick. The adder bites you.
* * * LOW HITPOINT WARNING * * *
You are confused.
You feel invigorated.
You feel sick. The adder closely misses you.
A kobold comes into view. It is wielding a +0 short sword.
The adder misses you. The adder barely misses you.
You feel sick.
The kobold shouts!
You feel less invigorated.
You feel less confused.
You feel sick. The adder attacks as it pursues you! The adder bites you.
You are more poisoned.
The adder poisons you! The adder bites you.
You feel sick.
You hit the kobold. You claw the kobold, but do no damage.
The kobold is severely wounded.
You feel sick. The adder misses you.
The kobold hits you with a +0 short sword.
* * * LOW HITPOINT WARNING * * *
The adder bites you.
* * * LOW HITPOINT WARNING * * *
You feel sick. The kobold closely misses you.
You feel sick. The adder attacks as it pursues you!
The adder completely misses you. The kobold misses you.
The adder closely misses you.
There is a stone staircase leading up here.
You feel sick.
You are no longer poisoned.
The rat twitches its whiskers.
The kobold hits you with a +0 short sword.
You die...

###..†.# #####..## ##.......
##...#######......# ##....###.
####†.......##.###..# ..........
#......####..#.# #..## ##.......
.......#####...###...####...##.#.
...........##....................
...........###..S..#.#...........
...........###.SK#r..#........#'#
......####......@.............≈.≈
####### #.###.......#......#≈≈.≈
##########.............>....'..∩.
............................#≈≈.≈
##########..#.#..#.#.#........≈.≈
####.............#.#.#...#....#+#
..........[.<...................#
##########.#..#..#.###.....#..#.#
#.#.....#...............


You could see 2 adders, a kobold and a rat.

Vanquished Creatures
  4 adders (D:2)
  5 dart slugs
  3 bats
  4 endoplasms
  2 giant cockroaches (D:2)
  4 goblins
  7 hobgoblins (D:1)
  3 quokkas
  5 ball pythons
  2 frilled lizards (D:2)
  2 kobolds
  3 rats
44 creatures vanquished.

Notes
Turn   | Place    | Note
-------+----------+-------------------------------------------
     0 | D:1      | Aneyh the Tengu Monk began the quest for the Orb.
     0 | D:1      | Reached XP level 1. HP: 14/14 MP: 2/2
   322 | D:1      | Reached XP level 2. HP: 14/19 MP: 3/3
   736 | D:1      | Reached XP level 3. HP: 21/23 MP: 4/4
  1154 | D:2      | HP: 1/23 [goblin/+0 dagger (4)]
  1341 | D:2      | Reached XP level 4. HP: 28/28 MP: 5/5
  1660 | D:2      | Found Kedioza's Antique Weapon Shoppe.
  1923 | D:2      | Slain by a kobold

Illustrated notes

Levels and vault maps discovered:
D:1:      ldierk_walled_garden, layout_basic, st_stairs_11
D:2:      layout_basic, serial_shops, nicolae_shop_hallway_plus,
          minmay_close_crescents

Skill      XL: |  1  2  3 |
---------------+----------+-----
Polearms       | 4 |  4.8
Dodging        | 4 |  4.4
Fighting       | |  3.0

Action                     |  1- 3 |  4- 6 || total
---------------------------+-------+-------++-------
  Melee: Spear             |    91 |    42 ||   133
         Peck              |    12 |     1 ||    13
         Kick              |    17 |    10 ||    27
    Use: Potion            |     1 |     1 ||     2
   Stab: Sleeping          |     3 |     2 ||     5
 Armour: Robe              |    35 |    22 ||    57
  Dodge: Dodged            |    37 |    21 ||    58

Table legend: (Time is in decaauts)
 A = Elapsed time spent in this place.
 B = Non-inter-level travel time spent in this place.
 C = Inter-level travel time spent in this place.
 D = Time resting spent in this place.
 E = Time spent auto-exploring this place.
 F = Levels seen in this place.
 G = Mean time per level.
                   A        B        C        D        E       F      G
               +--------+--------+--------+--------+--------+-----+--------+
         Total |   1908 |   1903 |      5 |     80 |   1525 |   2 |  954.0 |
       Dungeon |   1908 |   1903 |      5 |     80 |   1525 |   2 |  954.0 |
               +--------+--------+--------+--------+--------+-----+--------+

Top non-repeatable levels by time:
     D:1: 1040 daAuts
     D:2: 868 daAuts
